Map: Ley Lines

Players

ShoWTimE

  • Race: Protoss Protoss
  • League: Grandmaster
  • Spawn Location: 1:00

LiquidClem (Clem) - Winner!

  • Race: Terran Terran
  • League: Grandmaster
  • Spawn Location: 7:00

VOD

Have the link to the VOD?

Description

Time

  • Played on: Jan. 20, 2025, 2:14 p.m.
  • Length: 15:21
Show
View Real Time Build Order
Export as new Build Order

ShoWTimE Protoss 

Build Orders: 1 Gate Expand, Blink Stalkers 

Get SALT Encoding   

  12  0:00  Probe  
  13  0:12  Probe  
  14  0:16  Pylon  
  14  0:24  Probe  
  15  0:32  Probe  
  15  0:34  Gateway  
  15  0:40  Probe  
  16  0:46  Assimilator  
  17  0:50  Probe  
  18  1:03  Probe  
  19  1:15  Probe  
  20  1:21  Cybernetics Core  
  20  1:30  Nexus  
  20  1:33  Probe  
  21  1:40  Pylon  
  21  1:45  Probe  
  22  1:48  Assimilator, Adept  
  22  1:57  Probe  
  22  2:00  Warp Gate  
  25  2:08  Adept  
  25  2:09  Probe  
  26  2:21  Probe  
  29  2:28  Twilight Council  
  29  2:33  Probe  
  30  2:39  Stalker, Probe  
  33  2:46  Probe  
  33  2:47  Probe  
  35  2:56  Probe  
  35  2:57  Blink  
  35  2:58  Probe  
  36  3:00  Gateway  
  37  3:09  Probe  
  37  3:10  Probe  
  37  3:21  Probe  
  37  3:22  Probe  
  37  3:24  Robotics Facility  
  39  3:29  Gateway  
  39  3:32  Pylon  
  39  3:33  Probe  
  40  3:34  Probe  
  40  3:41  Shield Battery  
  41  3:45  Probe  
  41  3:47  Probe  
  43  3:54  Stalker  
  45  3:56  Stalker  
  45  3:58  Probe  
  45  3:59  Probe  
  45  4:02  Pylon, Warp Prism  
  49  4:05  Assimilator  
  51  4:18  Stalker  
  51  4:23  Stalker x2  
  57  4:31  Pylon  
  57  4:32  Probe  
  57  4:37  Observer  
  58  4:41  Pylon  
  59  4:46  Nexus  
  59  4:54  Observer  
  59  4:56  Stalker  
  59  4:57  Stalker  
  64  5:01  Stalker  
  64  5:02  Probe x2  
  68  5:13  Pylon  
  68  5:18  Probe x2  
  68  5:19  Stalker  
  68  5:20  Stalker  
  71  5:31  Probe  
  71  5:35  Immortal  
  72  5:40  Pylon  
  76  5:45  Shield Battery  
  76  5:47  Shield Battery, Probe  
  73  5:57  Stalker  
  73  6:01  Probe x2  
  77  6:05  Probe  
  77  6:06  Immortal  
  77  6:10  Stalker  
  80  6:13  Probe  
  84  6:25  Stalker x2  
  84  6:30  Forge  
  84  6:31  Gateway, Probe  
  83  6:33  Probe  
  83  6:39  Probe  
  81  6:43  Charge, Probe  
  80  6:48  Protoss Ground Weapons Level 1  
  80  6:49  Immortal  
  80  6:50  Stalker x3  
  84  6:54  Probe x2  
  84  6:55  Probe  
  85  7:05  Gateway  
  85  7:06  Gateway  
  85  7:12  Assimilator  
  85  7:15  Zealot x2  
  89  7:17  Zealot  
  89  7:18  Pylon  
  89  7:19  Probe x2  
  89  7:36  Stalker x2  
  93  7:37  Stalker  
  93  7:39  Zealot  
  97  7:44  Gateway  
  97  7:46  Gateway  
  97  7:50  Probe x2  
  93  7:55  Probe  
  93  7:57  Robotics Bay  
  94  8:00  Zealot x6  
  106  8:09  Nexus  
  106  8:10  Observer  
  106  8:16  Pylon  
  106  8:19  Probe x2  
  109  8:23  Shield Battery  
  109  8:25  Pylon  
  109  8:33  Pylon  
  109  8:34  Colossus, Probe  
  109  8:36  Pylon  
  109  8:40  Zealot, Sentry x2  
  116  8:43  Pylon  
  122  8:50  Protoss Ground Weapons Level 2  
  122  8:51  Probe x2  
  122  8:52  Zealot x4  
  122  8:54  Pylon  
  132  9:06  Sentry x2  
  132  9:07  Zealot x2  
  140  9:11  Pylon  
  137  9:17  Nexus  
  128  9:32  Zealot  
  110  9:39  Pylon  
  107  9:47  Zealot x7  
  120  9:53  Zealot  
  110  10:22  Probe  
  110  10:28  Observer  
  109  10:32  Zealot x5, Sentry x2  
  121  10:38  Zealot x2  
  121  10:41  Pylon  
  121  10:44  Dark Shrine  
  121  10:48  Immortal  
  121  10:50  Probe  
  121  10:51  Probe x2  
  122  10:58  Zealot x5  
  125  11:06  Stalker x2  
  86  11:26  Stalker x3  
  86  11:30  Observer  
  63  11:34  Stalker x2  
  66  11:43  Zealot x2  
  70  12:01  Dark Templar x2  
  74  12:07  Dark Templar  
  76  12:11  Zealot  
  77  12:16  Zealot  
  77  12:22  Sentry x2  
  83  12:36  Dark Templar x2  
  83  12:42  Zealot x3  
  89  12:47  Zealot x2  
  93  13:04  Zealot x3  
  69  13:20  Zealot x4  
  75  13:31  Zealot  
  75  13:32  Zealot x2  
  81  13:41  Observer  
  81  13:44  Zealot x2, Sentry  
  81  13:45  Zealot  
  89  13:52  Stalker x3  
  93  14:07  Zealot x4  
  93  14:09  Zealot  
  85  14:22  Zealot x2  
  62  14:32  Stalker x3  
  66  14:43  Zealot  
  66  14:44  Dark Templar  
  50  14:54  Zealot x2  
Show
View Real Time Build Order
Export as new Build Order

LiquidClem Terran - Winner!

Build Orders: Cyclone Opening 

Get SALT Encoding   

  12  0:00  SCV  
  13  0:12  SCV  
  14  0:17  Supply Depot  
  14  0:24  SCV  
  15  0:38  SCV  
  15  0:40  Barracks  
  15  0:42  Refinery  
  16  0:50  SCV  
  16  0:52  Refinery  
  17  1:02  SCV  
  18  1:14  SCV  
  19  1:27  Orbital Command, Reaper  
  19  1:29  Supply Depot  
  20  1:41  Factory  
  20  1:53  SCV  
  21  2:00  Barracks Reactor  
  21  2:05  SCV  
  22  2:16  Command Center  
  22  2:18  SCV  
  23  2:28  Factory Tech Lab  
  23  2:30  SCV  
  23  2:35  Marine x2, Barracks  
  26  2:43  SCV  
  27  2:46  Cyclone  
  30  2:54  Marine x2  
  31  3:02  SCV  
  31  3:14  SCV  
  31  3:18  Starport  
  31  3:27  Factory Tech Lab  
  31  3:31  Stimpack  
  31  3:36  Marine x3, Orbital Command, SCV  
  35  3:47  Siege Tank  
  38  3:48  SCV  
  40  3:58  Supply Depot  
  40  4:01  Marine x3, SCV  
  40  4:02  SCV  
  44  4:05  Medivac  
  46  4:10  Supply Depot  
  46  4:20  Marine x3, SCV x2  
  51  4:28  Siege Tank  
  51  4:29  Supply Depot  
  54  4:32  SCV x2  
  54  4:37  Marine  
  54  4:38  Marine x2  
  59  4:44  Supply Depot, SCV x2  
  61  4:51  Supply Depot, Medivac  
  63  4:56  SCV x2  
  63  4:57  Marine x3  
  68  5:04  Barracks  
  68  5:08  SCV  
  68  5:10  Hellion  
  68  5:14  SCV  
  71  5:15  Marine x2  
  71  5:19  Marine  
  71  5:20  SCV  
  73  5:22  Supply Depot  
  73  5:26  SCV  
  72  5:31  Medivac  
  72  5:32  Marine x2  
  72  5:33  SCV  
  77  5:37  Supply Depot, Marine  
  77  5:38  Siege Tank  
  77  5:40  SCV  
  79  5:45  SCV  
  79  5:48  Refinery, Combat Shield  
  75  5:50  Marine  
  75  5:54  Marine x2  
  75  5:55  Engineering Bay  
  75  5:56  Marine  
  79  6:00  SCV  
  77  6:08  Refinery, Marine  
  78  6:12  Siege Tank, Marine  
  78  6:13  SCV  
  78  6:14  SCV  
  78  6:16  Barracks Tech Lab  
  75  6:26  Marine  
  75  6:27  SCV  
  75  6:29  Marauder  
  75  6:30  Marine, SCV  
  80  6:39  SCV  
  73  6:40  Terran Infantry Weapons Level 1  
  73  6:44  Marine  
  73  6:45  Command Center  
  70  6:47  Marine  
  70  6:52  Starport Reactor  
  70  6:53  Marauder  
  69  6:55  Barracks  
  69  6:57  Factory Reactor  
  69  7:00  Marauder, Barracks  
  68  7:02  Marine  
  68  7:05  Marine  
  68  7:07  Concussive Shells  
  71  7:08  SCV x2  
  71  7:14  Marine  
  73  7:20  Marine, SCV  
  73  7:21  SCV  
  73  7:22  Marauder  
  78  7:23  Marine  
  75  7:31  Viking, Medivac  
  75  7:32  Marauder, SCV  
  75  7:33  SCV  
  83  7:38  Widow Mine x2  
  83  7:40  Marine  
  88  7:44  Marine  
  88  7:45  SCV  
  88  7:46  Marine  
  88  7:49  Marine  
  88  7:50  Marine  
  91  7:53  Marine  
  91  7:55  Supply Depot  
  91  7:58  Marine  
  93  8:01  Supply Depot  
  93  8:02  Widow Mine x2  
  93  8:03  Marine, Medivac  
  100  8:06  Medivac  
  100  8:08  Marine, Marauder  
  100  8:09  Marine  
  100  8:11  Marauder  
  100  8:12  SCV x2  
  109  8:17  Marine  
  109  8:19  Missile Turret  
  110  8:22  Marine  
  110  8:24  SCV x2  
  113  8:27  Barracks Tech Lab  
  113  8:28  Barracks Reactor  
  113  8:33  Orbital Command  
  113  8:36  SCV x2  
  113  8:38  Widow Mine x2  
  119  8:43  Supply Depot  
  119  8:44  Marine x2  
  119  8:45  Supply Depot  
  119  8:47  Marauder  
  125  8:48  Marauder  
  125  8:50  Marauder  
  127  8:57  Armory  
  127  8:58  Engineering Bay  
  127  8:59  Orbital Command  
  127  9:00  Supply Depot  
  127  9:07  Widow Mine x2, Marine  
  127  9:08  Supply Depot, Marauder  
  127  9:09  Marine  
  133  9:11  Marine  
  133  9:15  Medivac  
  137  9:17  Marauder  
  137  9:18  Marine  
  137  9:20  Marine  
  137  9:21  Orbital Command  
  139  9:26  Marine  
  139  9:30  Marine  
  136  9:37  Widow Mine  
  129  9:46  Medivac  
  129  9:47  Marine  
  129  9:50  Marine  
  131  10:01  Orbital Command  
  131  10:02  Supply Depot  
  123  10:22  Supply Depot  
  123  10:23  Supply Depot  
  123  10:24  Marauder  
  125  10:33  Marine  
  125  10:37  Supply Depot  
  125  10:39  Supply Depot  
  125  10:44  Widow Mine, Marine x2, Viking x2  
  125  10:45  Widow Mine  
  135  10:51  Supply Depot  
  135  10:53  Marauder x2  
  137  11:02  Marine x2  
  127  11:08  Widow Mine  
  120  11:14  Viking  
  120  11:15  Marauder  
  120  11:16  Marauder  
  111  11:20  Marine  
  111  11:21  Marine, Orbital Command  
  93  11:37  Marauder  
  93  11:38  Marine x2, Marauder  
  95  11:50  Widow Mine x2  
  95  11:53  Viking x2  
  103  11:55  Marine  
  103  11:56  Marine  
  103  12:01  Marauder  
  107  12:02  Marauder  
  107  12:08  Barracks  
  109  12:10  Barracks  
  109  12:14  Widow Mine x2  
  109  12:15  Marine  
  114  12:16  Marine  
  114  12:20  Ghost Academy  
  114  12:21  SCV x2  
  117  12:25  Marauder  
  117  12:26  Marauder  
  119  12:31  Missile Turret  
  119  12:33  Marine  
  119  12:34  Marine  
  124  12:37  Widow Mine x2  
  124  12:41  Missile Turret  
  124  12:44  Missile Turret  
  119  12:46  SCV  
  119  12:47  SCV  
  119  12:48  SCV  
  119  12:49  Marine  
  122  12:58  SCV  
  122  13:04  Missile Turret  
  122  13:05  Marine x3  
  113  13:06  Widow Mine  
  103  13:13  Widow Mine  
  103  13:14  Marine  
  103  13:15  Marine  
  102  13:20  SCV  
  102  13:22  Marine  
  102  13:24  SCV  
  102  13:25  Marine  
  102  13:26  SCV  
  102  13:36  Marauder  
  102  13:40  Barracks Tech Lab  
  103  13:41  Marauder  
  103  13:47  Marine x2  
  106  13:54  Widow Mine x2  
  110  13:57  SCV x3  
  113  14:06  Ghost  
  106  14:11  Marine x2  
  106  14:13  Ghost  
  103  14:19  Medivac  
  103  14:20  Widow Mine  
  103  14:21  Barracks Tech Lab  
  95  14:27  Widow Mine  
  95  14:31  Marine, Medivac  
  93  14:32  Marine  
  88  14:40  Marine  
  88  14:41  Widow Mine, Marauder  
  89  14:48  Ghost  
  89  14:49  Marine  
  89  14:51  Marine  
  85  14:53  Marine  
  85  14:59  Marauder  
Tags
 
Add a new tag
Caveats
  • Supply blocks, unpowered buildings, or Contaminate may cause inaccurate times.
  • Supply counts are checked every 10 seconds.